 Dungeon Crawl Stone Soup version 0.20.1-1-g8b1a95d (webtiles) character file.

154 Firecrotchwizard the Chopper (level 5, -2/47 HPs)
             Began as a Hill Orc Monk on Oct 29, 2017.
             Slain by Sigmund
             ... wielding a +0 scythe
              (4 damage)
             ... on level 4 of the Dungeon.
             The game lasted 00:05:55 (3337 turns).

Firecrotchwizard the Chopper (Hill Orc Monk)        Turns: 3337, Time: 00:05:55

Health: -2/47      AC:  9    Str: 14    XL:     5   Next: 36%
Magic:  5/5        EV:  7    Int: 10    God:
Gold:   299        SH:  0    Dex: 14    Spells: 4/4 levels left

rFire    . . .     SeeInvis .   a - +2 hand axe (chop)
rCold    . . .     Gourm    .   (no shield)
rNeg     . . .     Faith    .   g - +0 chain mail
rPois    .         Spirit   .   d - +0 hat
rElec    .         Reflect  .   (no cloak)
rCorr    .         Harm     .   (no gloves)
MR       .....                  p - +0 pair of boots
Stlth    ..........             (no amulet)
Regen    0.2/turn               (no ring)
MPRegen  0.1/turn               (no ring)

@: no status effects
A: no striking features
a: no special abilities


You were on level 4 of the Dungeon.
You were not hungry.

You visited 1 branch of the dungeon, and saw 4 of its levels.

You collected 299 gold pieces.

Inventory:

Hand Weapons
 a - a +2 hand axe of chopping (weapon)
   (You found it on level 1 of the Dungeon)
 b - a +2 hunting sling of velocity
   (You found it on level 3 of the Dungeon)
Missiles
 l - 40 sling bullets
Armour
 d - a +0 hat (worn)
   (You found it on level 1 of the Dungeon)
 g - a +0 chain mail (worn)
   (You found it on level 1 of the Dungeon)
 p - a +0 pair of boots (worn)
   (You found it on level 2 of the Dungeon)
Jewellery
 v - an uncursed amulet of regeneration {unknown}
   (You found it on level 3 of the Dungeon)
Wands
 o - a wand of polymorph (17/24)
   (You found it on level 2 of the Dungeon)
Scrolls
 e - a scroll of teleportation {unknown}
 f - 2 scrolls of random uselessness {unknown}
 h - 4 scrolls of identify {unknown}
 i - 4 scrolls of fear {unknown}
 t - a scroll of enchant armour {unknown}
 w - a scroll of recharging {unknown}
Potions
 m - a potion of magic {unknown}
 q - a potion of lignification {unknown}
 r - a potion of haste {unknown}
 s - a potion of brilliance {unknown}
Comestibles
 c - 3 bread rations {@e1}
 j - 3 meat rations {@e2}
 k - a fruit
 u - a royal jelly


   Skills:
 + Level 4.6 Fighting
 * Level 6.2 Axes
 + Level 2.4 Armour
 - Level 2.4 Dodging
 - Level 1.5 Stealth


You had 4 spell levels left.
You didn't know any spells.

Dungeon Overview and Level Annotations

Branches:
Dungeon (4/15)
 Temple: D:4-7

Altars:
Kikubaaqudgha
Nemelex Xobeh

Annotations:
D:4 Sigmund


Message History

You open the door.
There is an open door here.
j - 2 meat rations {@e2} (gained 1) As you open the door, it creaks loudly!
There is an open door here.
You now have 277 gold pieces (gained 12).
You open the door.
Some of the chunks of flesh in your inventory have rotted away.
j - 3 meat rations {@e2} (gained 1)
w - a scroll labeled EXEARH EJIDI Some of the chunks of flesh in your inventory have rotted away.
There is an open door here.
You now have 293 gold pieces (gained 16).
You now have 299 gold pieces (gained 6).
Found an ancient bone altar of Kikubaaqudgha.
Found a stone staircase leading up.
A howler monkey skeleton comes into view.
The howler monkey skeleton hits you but does no damage.
You hit the howler monkey skeleton.
The howler monkey skeleton hits you but does no damage.
You slash the howler monkey skeleton! The howler monkey skeleton hits you.
You take 1 damage, and have 46/47 hp.
You slash the howler monkey skeleton!
You destroy the howler monkey skeleton!
No target in view!
Found a stone staircase leading down.
As you open the door, it creaks loudly!
There is an open door here.
You open the door.
There is an open door here.
A frilled lizard comes into view.
The frilled lizard hisses angrily.
The frilled lizard moves out of view.
Health restored: 47 You open the door.
A frilled lizard is nearby!
You closely miss the frilled lizard. The frilled lizard barely misses you.
You closely miss the frilled lizard.
The frilled lizard bites you but does no damage.
You miss the frilled lizard.
The frilled lizard bites you but does no damage.
You slash the frilled lizard!
You kill the frilled lizard!
No target in view!
c - 3 bread rations {@e1} (gained 1) Some of the chunks of flesh in your inventory have rotted away.
l - 40 sling bullets (gained 17) Eating one of 5 chunks of flesh {@w0}.
You eat one of the 5 chunks of flesh {@w0}.
All of the chunks of flesh in your inventory have rotted away.
As you open the door, it creaks loudly!
You hear a shout!
There is an open door here.
Sigmund the Dreaded comes into view.
He is wielding a scythe.
You close the door.
Sigmund opens the door.
As you close the door, it creaks loudly!
Sigmund opens the door.
Okay, then.
Sigmund points at you and mumbles some strange words.
The magic dart hits you!
There is an open door here.
You hit Sigmund but do no damage.
Sigmund mumbles some strange words.
Sigmund flickers and vanishes!
Deactivating autopickup; reactivate with Ctrl-A.
You hit something. Something hits you!
You take 11 damage, and have 36/47 hp.
MASSIVE DAMAGE!!
You closely miss something. Something hits you but does no damage.
You closely miss something. You barely miss something. Something hits you.
You take 6 damage, and have 30/47 hp.
You hit something. Something hits you but does no damage.
You miss something. You hit something. Something hits you but does no damage.
You barely miss something. Something hits you but does no damage.
You miss something. You miss something. Something hits you but does no damage.
You hit something. You completely miss something.
Something hits you but does no damage.
You miss something. Something hits you.
You take 5 damage, and have 26/47 hp.
You barely miss something. You miss something.
You hear some strange, mumbled words.
A magic dart appears from out of thin air!
The magic dart hits you!
You take 8 damage, and have 19/47 hp.
You slash something! Something hits you.
* * * LOW HITPOINT WARNING * * *
You take 6 damage, and have 13/47 hp.
You miss something. Something hits you!
* * * LOW HITPOINT WARNING * * *
You take 8 damage, and have 5/47 hp.
You hit something. You miss something. Something hits you.
* * * LOW HITPOINT WARNING * * *
You take 3 damage, and have 2/47 hp.
You miss something. Something hits you.
You die...

.................#
..#.......##.....#
. #.......##.....#
#.......##.....#
#.......##.....#
#........#.....#
#........#.....#
#........'.....#
#####@####.....#
#....{..##.....#
#.......#......#
#.......#......#
#.......+......#
######'###.....#
.$ #.....# ..
#.....# #.....#


There were no monsters in sight!

Vanquished Creatures
  Jessica (D:2)
  A howler monkey skeleton (D:4)
  4 adders
  3 worms (D:2)
  2 leopard geckos
  7 orcs
  9 bats
  2 giant cockroaches
  8 goblins
  2 hobgoblins (D:2)
  8 jackals (D:1)
  A quokka (D:2)
  4 frilled lizards
  7 kobolds
  7 rats
66 creatures vanquished.

Notes
Turn   | Place    | Note
-------+----------+-------------------------------------------
     0 | D:1      | Firecrotchwizard the Hill Orc Monk began the quest for the Orb.
     0 | D:1      | Reached XP level 1. HP: 19/19 MP: 1/1
   555 | D:1      | Reached XP level 2. HP: 27/27 MP: 2/2
   941 | D:1      | Reached XP level 3. HP: 32/33 MP: 3/3
   941 | D:1      | Reached skill level 5 in Axes
  1020 | D:1      | Found a sparkling altar of Nemelex Xobeh.
  1326 | D:2      | Reached skill level 1 in Armour
  1620 | D:2      | Reached skill level 4 in Fighting
  1809 | D:2      | Noticed Jessica
  1822 | D:2      | Killed Jessica
  1822 | D:2      | Reached XP level 4. HP: 40/40 MP: 4/4
  2016 | D:2      | Reached skill level 2 in Armour
  2598 | D:3      | Reached skill level 6 in Axes
  2598 | D:3      | Reached XP level 5. HP: 46/46 MP: 5/5
  3193 | D:4      | Found an ancient bone altar of Kikubaaqudgha.
  3314 | D:4      | Noticed Sigmund
  3334 | D:4      | HP: 5/47 [something (8)]
  3336 | D:4      | HP: 2/47 [something (3)]
  3337 | D:4      | Slain by Sigmund

Skill      XL: |  1  2  3  4 |
---------------+-------------+-----
Axes           | 5 6 |  6.2
Armour         | 1 2 |  2.4
Fighting       | 4 |  4.6
Dodging        | |  2.4
Stealth        | |  1.5

Action                   |  1- 3 |  4- 6 || total
-------------------------+-------+-------++-------
Melee: Hand axe          |    99 |    94 ||   193
 Fire: Hunting sling     |       |     6 ||     6
 Stab: Sleeping          |     1 |       ||     1
  Eat: Chunk             |     3 |     5 ||     8
Armor: Robe              |     4 |       ||     4
       Chain mail        |    41 |    51 ||    92
Dodge: Dodged            |    40 |    26 ||    66

Vault maps used:
D:1:      lemuel_arrival_room, nemelex_diamond_rough_becter
D:2:      uniq_jessica
D:3:      hangedman_decor_points
D:4:      lightli_temple_of_fire, old_standard_altar, first_bread, uniq_sigmund

Table legend:
 A = Turns spent in this place as a percentage of turns spent in the entire game.
 B = Non-inter-level travel turns spent in this place as a percentage of non-inter-level travel turns spent in the entire game.
 C = Inter-level travel turns spent in this place as a percentage of turns spent in this place.
 D = Turns resting spent in this place as a percentage of non-inter-level travel turns spent in this place.
 E = Turns spent auto-exploring this place as a percentage of non-inter-level travel turns spent in this place.
 F = Non-inter-level travel turns spent in this place divided by the number of levels of this place that you've seen.
                   A       B       C       D       E      F
               +-------+-------+-------+-------+-------+----------------------
         Total | 100.0 | 100.0 |   0.9 |   3.1 |  13.7 | 163.0
       Dungeon | 100.0 | 100.0 |   0.9 |   3.1 |  13.7 | 163.0
               +-------+-------+-------+-------+-------+----------------------

Table legend:
 A = Kills in this place as a percentage of kills in entire the game.
 B = Kills by you in this place as a percentage of kills by you in the entire game.
 C = Kills by friends in this place as a percentage of kills by friends in the entire game.
 D = Other kills in this place as a percentage of other kills in the entire game.
 E = Experience gained in this place as a percentage of experience gained in the entire game.
 F = Experience gained in this place divided by the number of levels of this place that you have seen.
                   A       B       C       D       E      F
               +-------+-------+-------+-------+-------+----------------------
         Total | 100.0 | 100.0 |  -nan |  -nan | 100.0 |  55.2
       Dungeon | 100.0 | 100.0 |  -nan |  -nan | 100.0 |  55.2
               +-------+-------+-------+-------+-------+----------------------
